 Dungeon Crawl Stone Soup version 0.25.0-10-g039870ee82 (webtiles) character file.

Game seed: 9081528580065603545

5432 mopl the Covert (level 10, -10/56 HPs)
             Began as an Octopode Earth Elementalist on June 22, 2020.
             Was an Elder of Dithmenos.
             Killed by the air
             ... invoked by Gastronok
              (35 damage)
             ... on level 9 of the Dungeon.
             The game lasted 00:26:32 (12611 turns).

mopl the Covert (Octopode Earth Elementalist)      Turns: 12611, Time: 00:26:32

Health: -10/56     AC:  1    Str: 15    XL:     10   Next: 67%
Magic:  19/19      EV: 13    Int: 21    God:    Dithmenos [****..]
Gold:   602        SH:  5    Dex: 13    Spells: 4/21 levels left

rFire    . . .     SeeInvis .   a - +3 dagger (venom)
rCold    . . .     Gourm    .   (no shield)
rNeg     . . .     Faith    .   (helmet restricted)
rPois    .         Spirit   .   N - amulet "Rized" {Reflect Int+2 SH+5}
rElec    .         Reflect  +   g - +6 ring of strength
rCorr    .         Harm     .   r - ring of stealth
MR       .....                  (no ring)
Stlth    +++++++++.             (no ring)
HPRegen  0.18/turn              (no ring)
MPRegen  0.16/turn              (no ring)
                                (no ring)
                                (no ring)

@: wreathed by umbra
A: almost no armour, stealthy swim, amphibious, 8 rings, constrict 8, camouflage
1, gelatinous body 1
a: Shadow Step, Renounce Religion


You were on level 9 of the Dungeon.
You worshipped Dithmenos.
Dithmenos was greatly pleased with you.
You were not hungry.

You visited 2 branches of the dungeon, and saw 10 of its levels.
You also visited: Ossuary.

You collected 602 gold pieces.

Inventory:

Hand Weapons
 a - a +3 dagger of venom (weapon)
 w - a +0 long sword of draining
 D - a +3 short sword
Missiles
 b - 152 stones
 s - 9 boomerangs (quivered)
 y - 3 atropa-tipped darts
Jewellery
 g - a +6 ring of strength (left tentacle)
 r - a ring of stealth (right tentacle)
 L - an uncursed amulet of magic regeneration
 N - the amulet "Rized" (around mantle) {Reflect Int+2 SH+5}
   (You found it on level 9 of the Dungeon)

   [amulet of reflection]

   It shields you and reflects attacks.
   It affects your intelligence (+2).
   It affects your SH (+5).
Wands
 v - a wand of disintegration (27)
 x - a wand of enslavement (5)
 C - a wand of flame (30)
 F - a wand of polymorph (12)
 I - a wand of iceblast (2)
Scrolls
 d - a scroll of amnesia {unknown}
 f - 6 scrolls of remove curse
 h - 4 scrolls of enchant weapon
 k - a scroll of teleportation
 l - a scroll of fog {unknown}
 m - 2 scrolls of magic mapping {unknown}
 o - a scroll of blinking {unknown}
 p - 2 scrolls of fear {unknown}
 E - 2 scrolls of noise {unknown}
 G - a scroll of random uselessness {unknown}
 J - a scroll of vulnerability {unknown}
Potions
 e - 3 potions of flight
 i - 3 potions of stabbing
 j - 4 potions of invisibility
 n - 2 potions of mutation {unknown}
 q - a potion of resistance {unknown}
 t - 2 potions of degeneration {unknown}
 u - 3 potions of lignification
 z - 8 potions of curing
 A - 2 potions of haste {unknown}
 B - a potion of might
 H - a potion of ambrosia
 M - a potion of cancellation {unknown}
Comestibles
 c - 16 rations
 K - 3 chunks of flesh


   Skills:
 - Level 2.0 Dodging
 + Level 9.9 Stealth
 + Level 6.3 Spellcasting
 - Level 2.0 Conjurations
 - Level 3.0 Translocations
 + Level 6.5 Transmutations
 - Level 3.0 Air Magic
 + Level 7.3 Earth Magic
 - Level 3.0 Poison Magic
 + Level 6.0 Invocations


You had 4 spell levels left.
You knew the following spells:

 Your Spells              Type           Power        Failure   Level  Hunger
a - Sandblast             Erth           #####.       1%          1    None
c - Petrify               Tmut/Erth      #####...     5%          4    ###....
d - Mephitic Cloud        Conj/Pois/Air  ###.....     10%         3    #......
e - Blink                 Tloc           N/A          4%          2    None
k - Lee's Rapid Deconstr  Erth           #####.....   13%         5    #####..
p - Passwall              Tmut/Erth      #####...     1%          2    None

Your spell library contained the following spells:

 Spells                   Type           Power        Failure   Level  Hunger
 Apportation              Tloc           ###...       2%          1    None
 Shock                    Conj/Air       ###.         3%          1    None
 Magic Dart               Conj           ###.         4%          1    None
 Stone Arrow              Conj/Erth      ####..       4%          3    #......
 Swiftness                Chrm/Air       ##......     8%          2    None
 Lesser Beckoning         Tloc           ###.......   9%          3    #......
 Summon Butterflies       Summ           #.......     10%         1    None
 Summon Small Mammal      Summ           #...         10%         1    None
 Static Discharge         Conj/Air       ###.....     10%         3    #......
 Call Imp                 Summ           #.......     14%         2    None
 Slow                     Hex            #.......     14%         2    None
 Conjure Flame            Conj/Fire      ##......     19%         3    #......
 Airstrike                Air            ###.......   26%         4    ###....
 Call Canine Familiar     Summ           #.......     28%         3    #......
 Summon Guardian Golem    Hex/Summ       #.......     28%         3    #......
 Tukima's Dance           Hex            #.......     28%         3    #......
 Summon Lightning Spire   Summ/Air       ##......     45%         4    ###....
 Summon Ice Beast         Ice/Summ       #.......     67%         4    ###....
 Alistair's Intoxication  Tmut/Pois      ####....     36%         5    #####..
 Lightning Bolt           Conj/Air       ###.......   67%         5    #####..
 Invisibility             Hex            #.......     100%        6    ######.


Dungeon Overview and Level Annotations

Branches:
Dungeon (9/15)             Temple (1/1) D:4         Ossuary (visited)
   Lair: D:8-11         Orc: D:9-12

Altars:
Ashenzari
Cheibriados
Dithmenos
Elyvilon
Fedhas
Gozag
Hepliaklqana
Kikubaaqudgha
Makhleb
Nemelex Xobeh
Okawaru
Qazlal
Ru
Sif Muna
Trog
Uskayaw
Vehumet
Wu Jian
Xom
Yredelemnul
Zin
The Shining One

Annotations:
D:3 2 runed translucent doors, IHuginn's ghost, amateur OpFi
D:8 3 runed translucent doors, exclusion: statue, Raspi's ghost, novice FoFi
D:9 Gastronok


Innate Abilities, Weirdness & Mutations

You cannot wear most types of armour.
You are very stealthy in the water. (Stealth+)
You are amphibious.
You can wear up to eight rings at the same time.
You can use your tentacles to constrict eight enemies at once.
Your skin changes colour to match your surroundings (Stealth+).
Your rubbery body absorbs attacks. (AC +1, EV +1)


Message History

Found a clouded ivory amulet.
You pick up a book of Party Tricks and begin reading...
You add the spells Summon Butterflies, Apportation, Lesser Beckoning, Tukima's Dance, Alistair's Intoxication and Invisibility to your library.
Found a stone staircase leading down.
Some of the chunks of flesh in your inventory have rotted away.
N - a clouded ivory amulet You feel a shielding aura gather around you.
You feel clever.
N - the amulet "Rized" (around mantle) {Reflect Int+2 SH+5} Gastronok is too close now for your liking.
You see here a ration.
c - 16 rations (gained 1) Gastronok waves his eye-stalks in wide circles.
The air twists around and strikes you!!
Ouch! That really hurt!
You emit a cloud of dark smoke.
Gastronok waves his eye-stalks in wide circles.
The air twists around and strikes you!!
Ouch! That really hurt!
You die...

....# #.............#
...####.......>......##
.........w............#
##..w.#...............#
##.##....%....§§§....#
#.[##........§§§§....#
#..##..?.....§§§§....##
##.##.........§§§......#
#.<##)..........@.....##
#..###................#
..## #.)..............#
..# #÷[.............##
..####.).............#
#...##...............#
###..##.............##
##..###...........#
##..###.....##...#


You could see Gastronok.

Vanquished Creatures
  Joseph (D:8)
  Maggie (D:8)
  A hornet (D:7)
  A hippogriff (D:8)
  Sigmund (D:4)
  2 orc warriors
  3 sky beasts
  3 ice beasts
  5 ogres
  A black bear (D:9)
  4 phantoms
  4 centaurs
  Blork the orc (D:4)
  2 big kobolds
  2 bullfrogs (D:8)
  A wyvern zombie (D:9)
  3 scorpions
  5 crimson imps
  A bullfrog zombie (D:8)
  A jelly (D:9)
  8 orc priests
  4 hounds
  3 bullfrog skeletons
  11 orc wizards
  6 iguanas
  2 worker ants
  2 hound skeletons
  A hound zombie (D:7)
  8 mummies (Ossuary)
  A howler monkey skeleton (D:7)
  11 gnolls
  8 adders
  3 shadow imps
  An ooze (D:1)
  4 adder skeletons
  A worm (D:2)
  3 dart slugs
  11 leopard geckos
  59 orcs
  9 giant cockroaches
  6 goblins
  4 hobgoblins (D:2)
  6 jackals
  15 kobolds
  3 quokkas
  3 ball pythons
  13 bats
  5 frilled lizards
  A giant cockroach zombie (D:5)
  2 gnoll zombies (Ossuary)
  2 hobgoblin zombies (Ossuary)
  3 kobold zombies (Ossuary)
  2 leopard gecko skeletons
  An orc zombie (Ossuary)
  9 rats
274 creatures vanquished.

Vanquished Creatures (others)
  A bullfrog (D:9)
  A worker ant (D:7)
2 creatures vanquished.

Grand Total: 276 creatures vanquished

Notes
Turn   | Place    | Note
-------+----------+-------------------------------------------
     0 | D:1      | mopl the Octopode Earth Elementalist began the quest for
                  | the Orb.
     0 | D:1      | Reached XP level 1. HP: 11/11 MP: 3/3
    84 | D:1      | Reached skill level 3 in Stealth
   270 | D:1      | Reached XP level 2. HP: 17/17 MP: 5/5
   283 | D:1      | Learned a level 2 spell: Passwall
   624 | D:1      | Reached XP level 3. HP: 14/21 MP: 6/6
  1215 | D:2      | Found an opulent altar of Gozag.
  1239 | D:2      | Found a blossoming altar of Fedhas.
  1242 | D:2      | Found an ancient bone altar of Kikubaaqudgha.
  1276 | D:2      | Found a shattered altar of Ashenzari.
  1281 | D:2      | Found a snail-covered altar of Cheibriados.
  1281 | D:2      | Found a sacrificial altar of Ru.
  1384 | D:2      | Learned a level 2 spell: Blink
  1569 | D:2      | Reached XP level 4. HP: 27/27 MP: 7/7
  2166 | D:3      | Reached skill level 4 in Stealth
  2222 | D:3      | Reached skill level 1 in Translocations
  2222 | D:3      | Reached XP level 5. HP: 27/31 MP: 7/9
  2424 | D:3      | Noticed an ogre
  2494 | D:2      | Learned a level 4 spell: Petrify
  2586 | D:3      | Found a runed translucent door.
  2591 | D:3      | Noticed IHuginn's ghost (amateur OpFi)
  3240 | D:3      | Found a shimmering altar of Xom.
  3314 | D:3      | Killed an ogre
  3314 | D:3      | Reached XP level 6. HP: 36/36 MP: 7/10
  3352 | D:3      | Found a runed translucent door.
  3397 | D:3      | Reached skill level 5 in Stealth
  3670 | D:4      | Noticed a phantom
  3671 | D:4      | Noticed Sigmund
  3680 | D:4      | Killed Sigmund
  3680 | D:4      | Reached XP level 7. HP: 31/41 MP: 7/12
  3785 | D:4      | Noticed Blork the orc
  3797 | D:4      | Killed Blork the orc
  3811 | D:4      | Reached skill level 6 in Stealth
  3927 | D:4      | Found a staircase to the Ecumenical Temple.
  3937 | Temple   | Entered the Ecumenical Temple
  3972 | Temple   | Became a worshipper of Dithmenos the Shadowed
  4405 | D:4      | Reached skill level 1 in Invocations
  4659 | D:4      | Reached XP level 8. HP: 29/46 MP: 14/14
  4873 | D:4      | Reached skill level 5 in Earth Magic
  4889 | D:4      | Learned a level 3 spell: Mephitic Cloud
  5036 | D:5      | Entered Level 5 of the Dungeon
  5087 | D:5      | Reached skill level 1 in Poison Magic
  5128 | D:5      | Reached * piety under Dithmenos
  5415 | D:4      | Reached skill level 1 in Conjurations
  5415 | D:4      | Reached skill level 1 in Air Magic
  5681 | D:5      | You fall into a shaft and drop 1 floor!
  5885 | D:5      | Reached skill level 7 in Stealth
  6396 | D:6      | Reached XP level 9. HP: 27/51 MP: 1/16
  6924 | D:6      | Found an ornate altar of the Wu Jian Council.
  7501 | D:6      | Reached ** piety under Dithmenos
  7595 | D:6      | Reached skill level 5 in Spellcasting
  7981 | D:7      | Reached skill level 5 in Transmutations
  8074 | D:7      | Reached skill level 8 in Stealth
  8532 | D:7      | Noticed a hornet
  8541 | D:7      | Killed a hornet
  8719 | D:7      | Reached XP level 10. HP: 29/56 MP: 18/18
  9077 | D:8      | Reached *** piety under Dithmenos
  9077 | D:8      | Reached skill level 9 in Stealth
  9121 | D:8      | Reached skill level 5 in Invocations
  9293 | D:8      | Found a sand-covered staircase.
  9297 | Ossuary  | Entered an ossuary
  9965 | D:8      | Found a radiant altar of Vehumet.
  9973 | D:8      | Learned a level 5 spell: Lee's Rapid Deconstruction
  9976 | D:8      | Noticed Maggie
 10334 | D:8      | Noticed Joseph
 11020 | D:8      | Found a runed translucent gate.
 11021 | D:8      | Found a runed translucent gate.
 11021 | D:8      | Found a runed translucent gate.
 11055 | D:8      | Killed Maggie
 11170 | D:8      | Killed Joseph
 11471 | D:8      | Noticed Raspi's ghost (novice FoFi)
 11542 | D:9      | Reached **** piety under Dithmenos
 11728 | D:9      | Found a glowing silver altar of Zin.
 11940 | D:9      | Noticed Gastronok
 11981 | D:9      | HP: 1/56 [orc/+0 hand axe (6)]
 12602 | D:9      | Got a clouded ivory amulet
 12603 | D:9      | Identified the amulet "Rized" {Reflect Int+2 SH+5} (You
                  | found it on level 9 of the Dungeon)
 12611 | D:9      | Killed from afar by Gastronok

Illustrated notes

Levels and vault maps discovered:
D:1:      scummos_arrival_star, layout_loops_ring, minmay_tripent
D:2:      layout_basic, nicolae_overflow_crystal_walls,
          nicolae_overflow_hidden_temple, first_ration
D:3:      layout_loops_corners, xom_butterflies, ebering_ghost_sewer_f
D:4:      layout_rooms, minmay_temple_entry_trees, serial_corexii_hall,
          corexii_hall_statues_t, chequers_hall_statues_corner_a, uniq_sigmund,
          uniq_blork_the_orc
D:5:      layout_basic
D:6:      layout_basic, kennysheep_mini_moat
D:7:      layout_basic
D:8:      kennysheep_blocky_hall, layout_loops_corners, vehumet_statue,
          gammafunk_ghost_necromancy, lightli_ossuary_entry_decrepit_ruins,
          blue_anna_alchemist [blue_anna_fruit_fields, blue_anna_fruit_fields],
          minmay_chambers_of_fives, uniq_maggie, uniq_joseph
D:9:      layout_cave_pods, zin_academy, minmay_misc_feat_enclosed,
          uniq_gastronok
Temple:   nicolae_temple_hex_pool

Skill      XL: |  1  2  3  4  5  6  7  8  9 10 |
---------------+-------------------------------+-----
Stealth        | 3 4 5 6 7 8 9 |  9.9
Translocations | 1 2 3 |  3.0
Transmutations | 2 3 4 5 6 |  6.5
Spellcasting   | 3 4 5 6 |  6.3
Earth Magic    | 4 5 6 7 |  7.3
Invocations    | 1 2 4 6 |  6.0
Poison Magic   | 2 3 |  3.0
Conjurations   | 1 2 |  2.0
Air Magic      | 1 3 |  3.0
Dodging        | |  2.0

Action                   |  1- 3 |  4- 6 |  7- 9 | 10-12 || total
-------------------------+-------+-------+-------+-------++-------
Melee: Unarmed           |    29 |       |       |       ||    29
       Constrict         |    18 |    33 |    56 |    36 ||   143
       Tentacles         |    13 |    18 |    50 |    35 ||   116
       Dagger            |    51 |   102 |   217 |   134 ||   504
Throw: Stone             |       |       |     1 |       ||     1
       Boomerang         |       |       |     1 |     3 ||     4
 Cast: Sandblast         |     2 |    15 |    67 |    30 ||   114
       Passwall          |     2 |       |       |     6 ||     8
       Petrify           |       |     1 |     2 |    14 ||    17
       Mephitic Cloud    |       |       |     3 |     7 ||    10
       Lee's Rapid Decon |       |       |       |     1 ||     1
Evoke: Wand              |       |     2 |    10 |    12 ||    24
  Use: Scroll            |       |     5 |     2 |     3 ||    10
       Potion            |       |       |     1 |     2 ||     3
 Stab: Sleeping          |    15 |    11 |    25 |    10 ||    61
       Petrified         |       |     3 |     5 |    12 ||    20
       Confused          |       |       |     2 |       ||     2
  Eat: Chunk             |     2 |     7 |    16 |     5 ||    30
       Ration            |       |       |       |     3 ||     3
Armor: Skin              |    10 |     8 |     9 |     2 ||    29
Dodge: Dodged            |    56 |    65 |   156 |    71 ||   348
